Map: Romanticide LE

Players

Vindicta - Winner!

  • Race: Terran Terran

Neeb

  • Race: Protoss Protoss

Event: DreamHack SC2 Masters 2021 Winter

VOD

Have the link to the VOD?

Description

Time

  • Played on: Oct. 5, 2021, 3:57 p.m.
  • Length: 15:30

All games in this series

Show
View Real Time Build Order
Export as new Build Order

Vindicta Terran - Winner!

Build Orders:  

Get SALT Encoding   

  12  0:00  SCV  
  13  0:12  SCV  
  14  0:17  Supply Depot  
  14  0:24  SCV  
  15  0:38  SCV  
  15  0:39  Barracks  
  16  0:44  Refinery  
  16  0:50  SCV  
  17  1:02  SCV  
  18  1:15  SCV  
  19  1:28  Marine  
  19  1:29  Orbital Command  
  20  1:42  Command Center  
  20  1:48  Barracks Reactor  
  20  1:54  SCV  
  20  1:58  Supply Depot  
  21  2:07  SCV  
  22  2:19  SCV  
  23  2:24  Reaper x2  
  23  2:26  Bunker  
  25  2:31  SCV  
  26  2:39  Command Center  
  26  2:43  SCV  
  27  2:51  Barracks  
  27  2:56  Marine x2  
  29  3:01  Orbital Command  
  29  3:04  SCV  
  30  3:13  Barracks  
  30  3:15  Marine  
  30  3:16  SCV  
  30  3:18  Marine  
  33  3:27  SCV  
  34  3:28  SCV  
  34  3:32  Marine  
  36  3:36  Marine  
  36  3:39  SCV  
  36  3:41  SCV  
  40  3:44  Barracks Tech Lab  
  39  3:51  SCV  
  39  3:53  SCV  
  39  3:54  Refinery  
  39  3:55  Refinery  
  39  3:57  Orbital Command  
  39  4:00  Marine  
  39  4:01  Barracks Tech Lab  
  40  4:03  SCV  
  40  4:04  Marine x2  
  40  4:05  SCV  
  40  4:06  Stimpack  
  44  4:13  Engineering Bay  
  44  4:15  SCV  
  45  4:17  SCV  
  45  4:18  Marine  
  45  4:19  Combat Shield  
  45  4:22  Marine  
  51  4:24  Marauder  
  51  4:25  SCV  
  51  4:28  Marauder, SCV  
  51  4:30  SCV  
  55  4:33  Supply Depot  
  55  4:36  Supply Depot  
  55  4:38  Marine  
  56  4:39  SCV  
  56  4:41  Terran Infantry Weapons Level 1  
  56  4:44  SCV  
  56  4:45  SCV  
  59  4:47  Marine x2  
  61  4:54  Marine  
  61  4:59  Factory  
  62  5:02  Supply Depot  
  62  5:03  SCV x2  
  64  5:08  Marine  
  64  5:10  SCV  
  64  5:12  Marine  
  64  5:13  Barracks  
  67  5:14  Barracks  
  67  5:17  Marauder, Marine  
  67  5:18  SCV  
  67  5:19  Orbital Command  
  71  5:24  SCV  
  71  5:25  Supply Depot  
  71  5:26  Marine  
  71  5:27  Refinery  
  73  5:30  SCV, Marine  
  73  5:35  Marauder  
  77  5:36  SCV  
  77  5:38  Concussive Shells  
  78  5:43  Starport, Factory Reactor  
  78  5:45  SCV x2  
  78  5:47  Marine  
  78  5:48  Marauder, Supply Depot  
  78  5:49  SCV  
  84  5:55  Supply Depot  
  84  5:56  Marine  
  85  5:57  SCV x2  
  85  6:02  SCV  
  85  6:04  Marauder  
  92  6:05  Barracks Tech Lab  
  92  6:06  Barracks Tech Lab  
  92  6:07  Barracks Reactor  
  92  6:09  SCV x2  
  92  6:10  Supply Depot  
  92  6:11  Marine  
  92  6:12  Supply Depot, Marine  
  92  6:14  Marine  
  92  6:18  SCV  
  96  6:20  Supply Depot  
  96  6:23  SCV  
  96  6:25  Marauder, SCV  
  99  6:27  Medivac  
  99  6:28  Medivac  
  99  6:30  Factory Tech Lab  
  99  6:32  SCV, Marine  
  106  6:36  Terran Infantry Armor Level 1  
  106  6:37  Refinery x2  
  107  6:45  Marauder, Marine x2  
  107  6:46  SCV  
  112  6:50  Siege Tank  
  112  6:51  SCV  
  112  6:53  Missile Turret  
  113  6:54  Marine  
  113  6:55  Marauder, Missile Turret, Marine  
  113  6:58  Missile Turret, SCV  
  121  7:02  Medivac x2, Marine  
  121  7:07  Marauder  
  126  7:09  Supply Depot  
  126  7:10  SCV  
  126  7:11  Missile Turret  
  126  7:12  Bunker  
  126  7:16  Ghost Academy  
  126  7:19  Marauder  
  126  7:20  SCV  
  126  7:22  Siege Tank  
  132  7:23  SCV  
  132  7:31  Marauder  
  132  7:35  SCV x2  
  134  7:40  Marauder, Marine  
  134  7:42  Medivac x2  
  141  7:46  Enhanced Shockwaves  
  141  7:48  Supply Depot  
  141  7:51  Ghost x2  
  141  7:52  Supply Depot  
  141  7:54  Supply Depot  
  141  7:55  Missile Turret  
  141  7:56  Supply Depot  
  145  7:58  SCV  
  145  7:59  SCV  
  145  8:01  Ghost  
  149  8:10  Siege Tank  
  149  8:11  Supply Depot  
  149  8:12  Viking  
  153  8:19  Ghost  
  152  8:21  Viking  
  156  8:29  Command Center  
  156  8:31  Engineering Bay  
  156  8:33  Armory, Ghost  
  158  8:40  Supply Depot  
  158  8:42  Siege Tank  
  158  8:44  Viking  
  158  8:46  Marine  
  158  8:47  Marauder  
  166  8:52  Ghost  
  167  9:02  Marauder  
  169  9:10  Marine  
  169  9:11  Marauder  
  169  9:13  Barracks  
  169  9:15  Barracks  
  172  9:17  Barracks  
  172  9:20  Ghost, Marine x3  
  172  9:22  Terran Infantry Weapons Level 2  
  172  9:24  Marauder  
  179  9:25  Terran Infantry Armor Level 2  
  179  9:39  Marine  
  179  9:40  Marauder  
  179  9:42  Marine  
  179  9:45  Marauder  
  183  9:46  Viking  
  183  9:50  Marauder, Marine x2  
  189  9:56  Siege Tank  
  189  9:57  Marine  
  189  10:00  Marine  
  189  10:01  Marauder  
  189  10:02  Terran Ship Weapons Level 1  
  189  10:06  Marauder  
  176  10:08  Marine x2  
  176  10:12  Marauder  
  176  10:14  SCV x2  
  175  10:15  Marine  
  175  10:18  Marine  
  175  10:19  SCV  
  177  10:22  Marauder  
  177  10:26  Marine  
  177  10:28  Marauder, Siege Tank  
  168  10:30  Marine  
  168  10:31  Planetary Fortress  
  168  10:33  Marauder  
  168  10:34  SCV  
  170  10:35  Viking  
  170  10:36  Marine  
  170  10:37  SCV x2  
  170  10:38  Marine  
  161  10:44  Marauder, Missile Turret, Viking  
  161  10:45  Marine  
  161  10:49  Marauder, SCV  
  169  10:50  SCV  
  169  10:53  Marine  
  169  10:56  Refinery  
  167  10:57  Refinery, Marine  
  167  10:58  Marauder, Barracks Tech Lab, Sensor Tower  
  167  11:01  SCV  
  171  11:05  Viking  
  171  11:10  Marauder, Marine x2  
  171  11:11  Marauder  
  168  11:12  Marine  
  168  11:14  Barracks Tech Lab  
  168  11:17  SCV  
  169  11:19  Marauder  
  169  11:20  Barracks Tech Lab  
  169  11:22  Liberator, Marine  
  169  11:24  Marine  
  176  11:28  Siege Tank  
  176  11:31  Marauder  
  177  11:35  Liberator, Marine  
  177  11:36  Marauder  
  181  11:42  Marauder, Marine x2  
  181  11:45  Marine  
  181  11:49  Terran Infantry Weapons Level 3  
  181  11:50  Command Center  
  181  11:51  Marine  
  181  11:54  Marauder, Marine  
  180  11:55  Marine  
  180  12:00  Marauder, Marine  
  187  12:05  Medivac, Ghost  
  193  12:12  Marauder, Marine  
  193  12:13  Marine  
  185  12:16  Ghost  
  185  12:17  Marine  
  185  12:18  Marine  
  185  12:22  Marauder  
  180  12:29  Marine  
  180  12:31  Terran Infantry Armor Level 3  
  180  12:33  Medivac, Marine  
  185  12:40  Medivac  
  186  12:48  Terran Ship Weapons Level 2  
  183  12:56  Starport  
  183  12:58  Fusion Core  
  182  13:02  Ghost  
  178  13:06  Marine  
  178  13:09  Ghost  
  178  13:11  Liberator  
  175  13:24  Marine x3  
  175  13:25  Marauder x2, Ghost  
  167  13:30  Marine  
  167  13:32  Marauder  
  168  13:38  Starport Reactor  
  168  13:41  Planetary Fortress  
  168  13:42  Marine  
  168  13:43  Marauder  
  168  13:47  Marine x2  
  168  13:48  Marauder x3, Marine  
  183  13:52  Marine  
  183  13:54  Siege Tank  
  183  13:55  Marauder  
  189  14:00  Advanced Ballistics, Marine  
  190  14:04  Marauder  
  190  14:05  Marine x2  
  190  14:06  Marine  
  190  14:09  Marauder x2, Marine  
  197  14:11  Marauder  
  199  14:18  Marine  
  199  14:19  Refinery  
  199  14:20  Refinery  
  199  14:34  Command Center  
  199  14:37  Marine  
  200  14:41  Ghost  
  200  14:44  Ghost  
  196  14:46  Marine  
  196  14:47  Marauder, Marine  
  196  14:50  Ghost x2  
  195  14:53  Ghost  
  195  14:58  Marine x2  
  198  15:04  Marine  
  198  15:05  Marine  
  200  15:17  SCV  
  200  15:26  Command Center  
Show
View Real Time Build Order
Export as new Build Order

Neeb Protoss 

Build Orders: 1 Gate Expand, Phoenix Opening, Zealot Archon 

Get SALT Encoding   

  12  0:00  Probe  
  13  0:12  Probe  
  14  0:18  Pylon  
  14  0:24  Probe (Chrono Boost)  
  15  0:36  Probe (Chrono Boost)  
  15  0:37  Gateway  
  16  0:44  Probe (Chrono Boost)  
  16  0:45  Assimilator  
  17  0:51  Probe  
  18  1:03  Probe  
  19  1:15  Probe  
  20  1:22  Nexus  
  20  1:33  Cybernetics Core  
  20  1:36  Probe  
  21  1:42  Assimilator  
  21  1:48  Probe  
  21  1:51  Pylon  
  22  2:00  Probe (Chrono Boost)  
  23  2:06  Adept (Chrono Boost)  
  23  2:10  Probe (Chrono Boost)  
  26  2:15  Probe (Chrono Boost)  
  26  2:17  Stargate  
  27  2:25  Warp Gate  
  27  2:29  Probe (Chrono Boost)  
  28  2:31  Adept  
  28  2:34  Probe (Chrono Boost)  
  31  2:44  Probe x2 (Chrono Boost)  
  33  2:45  Shield Battery  
  33  2:51  Probe  
  33  2:53  Probe  
  35  3:00  Phoenix  
  35  3:03  Probe  
  38  3:05  Probe (Chrono Boost)  
  38  3:06  Adept  
  38  3:12  Pylon  
  41  3:18  Probe (Chrono Boost)  
  43  3:21  Probe (Chrono Boost)  
  43  3:26  Probe (Chrono Boost)  
  44  3:29  Probe (Chrono Boost)  
  44  3:34  Probe  
  45  3:42  Probe  
  45  3:43  Nexus  
  45  3:46  Probe (Chrono Boost)  
  44  3:58  Probe (Chrono Boost)  
  44  3:59  Probe (Chrono Boost)  
  45  4:03  Pylon  
  45  4:04  Assimilator  
  45  4:05  Probe (Chrono Boost)  
  45  4:07  Probe (Chrono Boost)  
  47  4:10  Robotics Facility  
  47  4:13  Forge  
  47  4:14  Probe (Chrono Boost)  
  48  4:18  Probe (Chrono Boost)  
  49  4:29  Gateway, Probe (Chrono Boost)  
  49  4:30  Probe (Chrono Boost)  
  51  4:32  Gateway  
  51  4:34  Probe (Chrono Boost)  
  51  4:36  Probe  
  53  4:42  Sentry  
  53  4:44  Probe  
  56  4:48  Protoss Ground Armor Level 1, Probe, Pylon  
  57  4:56  Twilight Council, Probe  
  57  4:57  Probe  
  57  4:58  Immortal (Chrono Boost)  
  59  5:02  Probe  
  59  5:06  Sentry  
  66  5:08  Probe, Shield Battery  
  66  5:12  Probe  
  68  5:15  Shield Battery  
  68  5:17  Probe  
  69  5:21  Probe  
  69  5:24  Stalker  
  69  5:26  Stalker  
  69  5:28  Probe  
  75  5:30  Immortal (Chrono Boost)  
  75  5:32  Probe  
  75  5:34  Probe  
  81  5:36  Pylon  
  81  5:40  Probe  
  82  5:44  Robotics Bay, Probe  
  82  5:47  Pylon  
  82  5:48  Probe  
  82  5:49  Assimilator  
  84  5:51  Charge  
  84  5:52  Probe  
  84  5:53  Assimilator  
  85  5:57  Probe  
  85  5:59  Warp Prism (Chrono Boost)  
  88  6:07  Probe x2  
  90  6:11  Pylon  
  90  6:15  Gateway  
  90  6:18  Gateway  
  90  6:21  Gateway, Assimilator, Pylon  
  90  6:23  Pylon  
  90  6:26  Observer (Chrono Boost)  
  90  6:29  Probe  
  90  6:30  Probe x2  
  94  6:34  Pylon  
  94  6:36  Extended Thermal Lance  
  94  6:37  Colossus (Chrono Boost)  
  94  6:46  Gateway  
  94  6:47  Gateway  
  100  6:48  Zealot x2  
  104  6:55  Templar Archives  
  104  6:57  Protoss Ground Weapons Level 1 (Chrono Boost)  
  104  6:58  Zealot  
  104  7:00  Pylon  
  106  7:03  Photon Cannon  
  106  7:11  Nexus  
  106  7:14  Pylon  
  106  7:18  Colossus  
  112  7:23  Probe  
  112  7:24  Photon Cannon  
  112  7:25  Probe x2  
  115  7:36  Probe  
  116  7:39  Probe  
  116  7:41  Zealot x5, High Templar x2  
  116  7:44  Pylon  
  131  7:46  Forge  
  131  7:51  Archon  
  131  7:52  Photon Cannon  
  131  7:53  Shield Battery  
  131  7:55  Probe x3  
  134  7:59  Blink  
  134  8:05  Robotics Facility  
  134  8:12  Colossus (Chrono Boost)  
  140  8:18  Protoss Ground Armor Level 2 (Chrono Boost)  
  140  8:19  Zealot, High Templar x2  
  146  8:20  Zealot x3  
  152  8:28  Archon  
  152  8:36  Zealot x2  
  154  8:47  Zealot x4  
  162  8:51  Gateway  
  162  8:53  Gateway, Dark Shrine, Protoss Ground Weapons Level 2 (Chrono Boost)  
  162  8:56  Disruptor (Chrono Boost)  
  162  8:57  Gateway  
  162  8:58  Observer  
  162  9:00  Gateway  
  163  9:05  Pylon  
  163  9:06  Disruptor (Chrono Boost)  
  163  9:07  Pylon  
  166  9:19  Nexus  
  166  9:22  Pylon  
  166  9:24  Stalker x4  
  166  9:29  Disruptor (Chrono Boost)  
  175  9:45  Zealot x5, Disruptor (Chrono Boost)  
  185  9:58  Disruptor  
  180  10:03  Zealot x7  
  182  10:11  Pylon  
  182  10:12  Nexus  
  182  10:13  Pylon  
  172  10:15  Pylon  
  172  10:17  Pylon  
  165  10:23  Zealot x8  
  165  10:24  Zealot  
  146  10:31  Protoss Ground Armor Level 3  
  146  10:32  Disruptor x2 (Chrono Boost)  
  138  10:38  Zealot x3  
  143  10:44  High Templar x2  
  147  10:50  Archon  
  147  10:51  Shield Battery  
  147  10:54  Zealot x4  
  145  11:12  Zealot, High Templar x4  
  145  11:13  Zealot  
  145  11:17  Archon  
  145  11:18  Archon  
  155  11:20  Zealot x6  
  167  11:30  Immortal (Chrono Boost)  
  167  11:31  Immortal (Chrono Boost)  
  160  11:36  Zealot x2  
  160  11:38  Probe x2  
  164  11:42  Stalker x3  
  170  11:49  Probe  
  170  11:50  Probe  
  170  11:53  Probe x2, Shadow Stride (Chrono Boost)  
  170  11:54  Probe  
  175  11:56  Photon Cannon  
  175  11:58  Shield Battery  
  175  12:04  Zealot x4  
  181  12:10  Zealot, Dark Templar  
  161  12:26  Stalker x5  
  167  12:50  Assimilator  
  175  12:54  Shield Battery  
  175  12:57  Photon Cannon, Stalker x7  
  181  13:06  Robotics Bay  
  181  13:12  Zealot x4  
  175  13:29  Zealot x7  
  175  13:30  Zealot  
  185  13:42  Immortal x2 (Chrono Boost)  
  193  13:49  Nexus  
  193  14:07  Shield Battery  
  189  14:13  Pylon  
  189  14:15  Disruptor x2  
  195  14:22  Stalker x2  
  199  14:34  Zealot  
  197  14:39  Zealot  
  183  14:54  Stalker  
  183  14:57  Zealot x3  
  183  14:58  Zealot x4, Dark Templar  
  185  15:02  Zealot x2  
  177  15:08  Probe  
  122  15:21  Stalker x6  
  122  15:27  Pylon  

Tags
 
Add a new tag
Caveats
  • Supply blocks, unpowered buildings, or Contaminate may cause inaccurate times.
  • Supply counts are checked every 10 seconds.